 Dungeon Crawl Stone Soup version 0.31.0-11-ge490571c62 (webtiles) character file.

Game seed: 16936655651196095092

2 Goblin1989 the Sneak (level 1, -1/18 HPs)
             Began as a Demonspawn Delver on Jan 27, 2024.
             Succumbed to an adder's poison
             ... on level 4 of the Dungeon.
             The game lasted 00:01:17 (103 turns).

Goblin1989 the Sneak (Demonspawn Delver)             Turns: 103, Time: 00:01:17

Health: -1/18      AC:  3    Str: 12    XL:     1   Next: 33%
Magic:  1/1        EV: 11    Int: 10    God:
Gold:   21         SH:  0    Dex: 14    Spells: 0/0 levels left

rFire   . . .        a - +0 mace
rCold   . . .        (no shield)
rNeg    . . .        b - +0 leather armour
rPois   .            (no helmet)
rElec   .            (no cloak)
rCorr   .            (no gloves)
SInv    .            (no boots)
Will    .....        (no amulet)
Stlth   ++           (no ring)
HPRegen 0.23/turn    (no ring)
MPRegen 0.07/turn

%: no passive effects
@: lethally poisoned (-1 -> -9)
A: no striking features
a: no special abilities


You were on level 4 of the Dungeon.
You visited 1 branch of the dungeon, and saw 2 of its levels.

You collected 21 gold pieces.

Inventory:

Hand Weapons
 a - a +0 mace (weapon)
 i - a +1 dagger of venom
Armour
 b - a +0 leather armour (worn)
Wands
 g - a wand of digging (3) {@v3}
Scrolls
 c - a scroll of fog
 d - a scroll of revelation
Potions
 f - a potion of haste {@q3,}
 h - 2 potions of ambrosia {unknown}


   Skills:
 - Level 3.0 Fighting
 + Level 2.0 Maces & Flails
 - Level 1.7 Dodging
 - Level 4.5 Stealth


You couldn't memorise any spells.
You didn't know any spells.
Your spell library was empty.

Dungeon Overview and Level Annotations

Branches:
Dungeon (5/15) Zot: 11892
 Temple: D:4-7

Altars:

Annotations:
D:4 exclusion: scorpion


Message History

Found a yellow potion.
A killer bee comes into view.
Found 11 gold pieces.
The scorpion stings you.
You take 5 damage, and have 13/18 hp.
MASSIVE DAMAGE!!
A killer bee comes into view.
Found 6 gold pieces.
The killer bee buzzes angrily.
You hear an angry buzzing noise.
The scorpion attacks as it pursues you! The scorpion barely misses you.
A killer bee comes into view.
Found 21 gold pieces.
There is a stone staircase leading up here.
As you read the scroll of fear, it crumbles to dust.
You assume a fearsome visage.
The killer bee looks frightened!
The killer bee buzzes angrily.
The killer bee looks frightened!
The scorpion looks frightened!
You hear an angry buzzing noise.
A killer bee comes into view.
You climb upwards.
Found a viscous yellow potion.
There is a stone staircase leading down here.
Okay, then.
Unknown command.
Okay, then.
Press: ? - help, v - describe, . - travel
Here: a scorpion (asleep)
The floor.
Placed new exclusion.
Found an escape hatch in the floor.
Health restored: 18 You open the door.
A hobgoblin comes into view.
The hobgoblin shouts!
You hit the hobgoblin.
You kill the hobgoblin!
There is an open door here.
You see here a hobgoblin corpse.
A ball python comes into view.
The helpless ball python fails to defend itself.
You hit the ball python.
You kill the ball python!
Your Maces & Flails skill increases to level 2!
Found a blade talisman and a scroll labelled MOL BICZUCUTZO.
You see here a ball python corpse.
An adder comes into view.
The adder hisses angrily.
The adder barely misses you. The adder bites you.
You take 4 damage, and have 14/18 hp.
MASSIVE DAMAGE!!
You barely miss the adder. The adder closely misses you.
You miss the adder. The adder barely misses you. The adder closely misses you.
You hit the adder.
The adder is heavily wounded.
The adder barely misses you. The adder closely misses you.
You closely miss the adder.
The adder is heavily wounded.
The adder barely misses you.
You miss the adder.
The adder is heavily wounded.
The adder bites you but does no damage. The adder bites you.
You take 1 damage, and have 14/18 hp.
You closely miss the adder.
The adder is heavily wounded.
The adder bites you but does no damage. The adder closely misses you.
You closely miss the adder.
The adder is heavily wounded.
The adder bites you but does no damage. The adder barely misses you.
You closely miss the adder.
The adder is heavily wounded.
The adder misses you.
You miss the adder.
The adder is heavily wounded.
The adder bites you. The adder misses you.
You take 2 damage, and have 13/18 hp.
You barely miss the adder.
The adder is heavily wounded.
The adder bites you. x2
You take 2 damage, and have 11/18 hp.
You barely miss the adder.
The adder is heavily wounded.
The adder bites you.
* * * LOW HITPOINT WARNING * * *
You are poisoned.
The adder poisons you!
You take 3 damage, and have 8/18 hp.
You closely miss the adder.
The adder is heavily wounded.
* * * LOW HITPOINT WARNING * * *
You feel sick. The adder bites you but does no damage.
The adder barely misses you.
You take 2 damage, and have 6/18 hp.
You closely miss the adder.
The adder is heavily wounded.
* * * LOW HITPOINT WARNING * * *
You feel sick. The adder bites you but does no damage. The adder bites you.
* * * LOW HITPOINT WARNING * * *
You are more poisoned.
The adder poisons you!
You take 5 damage, and have 1/18 hp.
MASSIVE DAMAGE!!
You hit the adder.
You kill the adder!
You die... ██████ █....█ █.>..█ ███....████ █████████

█.†........
........█
█.█....████
.......@█
█.█....█
..?.....█
█.█....█
...%....▲
█.██████
........█ █.█
........█ █.█
........██████.█
.........†.....█


████████████████ There were no monsters in sight!

Vanquished Creatures
  An adder (D:4)
  A ball python (D:4)
  A hobgoblin (D:4)
3 creatures vanquished.

Notes
Turn   | Place    | Note
-------+----------+-------------------------------------------
     0 | D:5      | Goblin1989 the Demonspawn Delver began the quest for the
                  | Orb.
     0 | D:5      | Reached XP level 1. HP: 18/18 MP: 1/1
    35 | D:5      | Noticed an ogre
    40 | D:5      | Noticed a scorpion
    46 | D:5      | Noticed a killer bee
    47 | D:5      | Noticed a killer bee
    48 | D:5      | Noticed a killer bee
    50 | D:5      | Noticed a killer bee
    52 | D:5      | Noticed a killer bee
    52 | D:4      | Noticed a scorpion
   103 | D:4      | Succumbed to an adder's poison

Illustrated notes

Levels and vault maps discovered:
D:4:      layout_basic, zin_purify, hex_intersection
D:5:      layout_rooms, nicolae_qazlal_general_emergency, serial_shops,
          nicolae_shop_hallway_plus

Skill      XL: |  1 |
---------------+----+-----
Maces & Flails | 2 |  2.0
Fighting       | |  3.0
Dodging        | |  1.7
Stealth        | |  4.5

Action                     || total
---------------------------++-------
  Melee: Mace              ||    16
    Use: Scroll            ||     1
   Stab: Sleeping          ||     1
 Armour: Leather armour    ||    13
  Dodge: Dodged            ||    13
